 Dungeon Crawl Stone Soup version 0.18.1-48-g4cf74bf (webtiles) character file.

239 lawna the Ruffian (level 5, -8/53 HPs)
             Began as a Troll Berserker on Sept 13, 2016.
             Was a Priest of Trog.
             Mangled by Grinder (11 damage)
             ... on level 4 of the Dungeon.
             The game lasted 00:12:18 (1832 turns).

lawna the Ruffian (Troll Berserker)                 Turns: 1832, Time: 00:12:19

Health: -8/53      AC:  8    Str: 25    XL:     5   Next: 79%
Magic:  4/4        EV: 10    Int:  3    God:    Trog [***...]
Gold:   141        SH:  0    Dex: 10    Spells: 0 memorised, 4 levels left

rFire  . . .     SeeInvis +       - Unarmed
rCold  . . .     Gourm    +     a - +0 animal skin
rNeg   . . .     Faith    .     (no shield)
rPois  .         Spirit   .     (helmet restricted)
rElec  .         Dismiss  .     c - +2 cloak
rCorr  .         Reflect  .     (gloves unavailable)
SustAt .         Harm     .     (boots unavailable)
MR     .....     Rnd*Tele +     k - amulet of magic regeneration
Stlth  +.........               o - ring of see invisible
                                l - ring of teleportation (curse)

@: exhausted, very slightly contaminated, hasted and slowed, drained, not
resistant to hostile enchantments, very unstealthy
A: unfitting armour, claws 3, fast metabolism 3, gourmand, regeneration 2,
shaggy fur 1, tough skin 2
a: Berserk, Trog's Hand, Burn Spellbooks, Renounce Religion


You were on level 4 of the Dungeon.
You worshipped Trog.
Trog was most pleased with you.
You were very full.

You visited 1 branch of the dungeon, and saw 4 of its levels.

You collected 141 gold pieces.

Inventory:

Armour
 a - a +0 animal skin (worn)
 c - a +2 cloak (worn)
Jewellery
 k - an amulet of magic regeneration (around neck)
 l - a cursed ring of teleportation (left claw)
 o - a ring of see invisible (right claw)
Scrolls
 e - a scroll of remove curse
 i - a scroll of identify
 n - a scroll of noise
Books
 j - a book of Beasts

   Spells                             Type                      Level
   a - Summon Butterflies             Summoning                    1
   b - Call Canine Familiar           Summoning                    3
   c - Summon Ice Beast               Ice/Summoning                4
   d - Summon Mana Viper              Hexes/Summoning              5
   e - Summon Hydra                   Summoning                    7
   Trog disapproves of the use of such an item.
Comestibles
 b - 2 bread rations
 d - a royal jelly
 g - a meat ration


   Skills:
 + Level 3.2(2.3) Fighting
 + Level 4.2(3.3) Dodging
 + Level 4.3(3.5) Unarmed Combat


You had 4 spell levels left.
You didn't know any spells.

Dungeon Overview and Level Annotations

Branches:
Dungeon (4/15)
 Temple: D:4-7

Altars:
Pakellas
Xom

Annotations:
D:4 Grinder


Innate Abilities, Weirdness & Mutations

You are too large for most types of armour.
You have claws for hands.
Your metabolism is lightning-fast.
You like to eat raw meat.
You heal very quickly.
You are covered in fur (AC +1).
You have very tough skin (AC +2).


Message History

Grinder closely misses you.
Items here: ))) † a dagger; a club x2; a goblin corpse You closely miss Grinder.
Grinder hits you.
You scratch Grinder but do no damage. Grinder hits you.
* * * LOW HITPOINT WARNING * * *
You writhe in agony.
* * * LOW HITPOINT WARNING * * *
You barely miss Grinder. Grinder hits you but does no damage.
You barely miss Grinder. Grinder misses you.
You closely miss Grinder.
Grinder says, "At least Makhleb appreciates what I'm doing."
Grinder hits you.
* * * LOW HITPOINT WARNING * * *
You writhe in agony.
* * * LOW HITPOINT WARNING * * *
You scratch Grinder.
Grinder is lightly wounded.
Grinder hits you!
You die...

#########
#..%.%..#
#8.....8#
#.......#
#8.....8#
#.......#
#8.))..8# #
#..@5...# ..#
#8.....8#
#...#.......#
#.........#
###..<.####
#.......#
#...........
#............
#...........#.


You could see Grinder.

Vanquished Creatures
  A giant frog skeleton (D:4)
  An orc priest (D:3)
  Ijyb (D:4)
  7 adders (D:2)
  3 worms
  2 dart slugs (D:1)
  2 giant geckos
  4 orcs (D:3)
  7 bats
  2 giant cockroaches (D:1)
  13 goblins
  6 hobgoblins
  5 jackals
  A quokka (D:2)
  5 giant newts
  11 kobolds
  8 rats
79 creatures vanquished.

Vanquished Creatures (others)
  A sphinx (D:2)
1 creature vanquished.

Grand Total: 80 creatures vanquished

Notes
Turn   | Place    | Note
--------------------------------------------------------------
     0 | D:1      | lawna the Troll Berserker began the quest for the Orb.
     0 | D:1      | Reached XP level 1. HP: 22/22 MP: 0/0
    62 | D:1      | Reached XP level 2. HP: 28/29 MP: 1/1
   369 | D:1      | Reached ** piety under Trog
   387 | D:1      | Reached XP level 3. HP: 36/36 MP: 2/2
   741 | D:2      | Reached XP level 4. HP: 44/44 MP: 3/3
  1131 | D:2      | Found an oddly glowing altar of Pakellas.
  1132 | D:2      | Noticed a sphinx
  1143 | D:2      | Killed a sphinx
  1328 | D:2      | Found a shimmering altar of Xom.
  1469 | D:3      | Found a shimmering altar of Xom.
  1483 | D:3      | Reached *** piety under Trog
  1498 | D:3      | Reached XP level 5. HP: 40/53 MP: 4/4
  1789 | D:4      | Noticed Grinder
  1791 | D:4      | Noticed Ijyb
  1805 | D:4      | Killed Ijyb
  1831 | D:4      | HP: 2/53 [Grinder (6)]
  1832 | D:4      | Mangled by Grinder

Skill      XL: |  1  2  3  4  5 |
---------------+----------------+-----
Dodging        | 3 4 |  4.2
Fighting       | 3 |  3.2
Unarmed Combat | 4 |  4.3

Action                   |  1- 3 |  4- 6 || total
-------------------------+-------+-------++-------
Melee: Unarmed           |   126 |   132 ||   258
       Punch             |       |     2 ||     2
Invok: Berserk           |       |     2 ||     2
       Trog's Hand       |       |     1 ||     1
  Use: Scroll            |     5 |     3 ||     8
       Potion            |     2 |     5 ||     7
  Eat: Chunk             |    12 |    11 ||    23
Armor: Animal skin       |    73 |    82 ||   155
Dodge: Dodged            |    98 |    83 ||   181
